 Dungeon Crawl Stone Soup version 0.27-a0-1281-ge233d83751 (webtiles) character file.

Game seed: 9029558883219284166

202 sanka the Changer (level 5, -14/33 HPs)
             Began as an Octopode Transmuter on June 13, 2021.
             Demolished by an orc warrior (26 damage)
             ... on level 4 of the Dungeon.
             The game lasted 00:04:21 (4661 turns).

sanka the Changer (Octopode Transmuter)             Turns: 4661, Time: 00:04:22

Health: -14/33     AC:  2    Str: 10    XL:     5   Next: 80%
Magic:  7/8        EV: 19    Int: 15    God:
Gold:   97         SH:  0    Dex: 18    Spells: 2/8 levels left

rFire    . . .     SeeInvis .     - Unarmed
rCold    . . .     Faith    .   (shield currently unavailable)
rNeg     . . .     Spirit   .   (helmet currently unavailable)
rPois    x         Reflect  .   (no amulet)
rElec    .         Harm     .   (no ring)
rCorr    .         Rampage  .   (no ring)
Will     .....                  (no ring)
Stlth    ++........             (no ring)
HPRegen  0.11/turn              (no ring)
MPRegen  0.11/turn              (no ring)
                                (no ring)
                                (no ring)

@: spider-form (expiring)
A: venomous fangs, almost no armour, (amphibious), 8 rings, tiny, (camouflage
1), (gelatinous body 1), (nimble swimmer 1), (tentacles)
a: End Transformation


You were on level 4 of the Dungeon.
You were a venomous arachnid creature.
You visited 1 branch of the dungeon, and saw 5 of its levels.

You collected 97 gold pieces.


Innate Abilities, Weirdness & Mutations

You are a venomous arachnid creature.
You have poisonous fangs.
You are tiny and dextrous.
Your spellcasting is less reliable in this form.
Your armour is entirely melded.
You are incapable of wielding weapons or throwing items.
You cannot wear most types of armour.
((You are amphibious.))
You can wear up to eight rings at the same time.
((Your skin changes colour to match your surroundings (Stealth+).))
((Your rubbery body absorbs attacks. (AC +1, EV +1)))
((You are camouflaged near water. (Stealth+)))
((You have tentacles for arms and can constrict up to eight enemies at once.))


   Skills:
 - Level 1.0 Fighting
 - Level 2.0 Dodging
 - Level 3.0 Unarmed Combat
 - Level 2.0 Spellcasting
 + Level 4.9 Transmutations
 + Level 3.5 Poison Magic


You had 2 spell levels left.
You knew the following spells:

 Your Spells              Type           Power      Damage    Failure   Level
x - Spider Form           Tmut/Pois      7%         N/A       28%         3
y - Wereblood             Tmut           16%        N/A       13%         2
z - Beastly Appendage     Tmut           32%        N/A       11%         1

Your spell library contained the following spells:

 Spells                   Type           Power      Damage    Failure   Level
 Corona                   Hex            1%         N/A       43%         1
 Ensorcelled Hibernation  Hex/Ice        2%         N/A       54%         2
 Confusing Touch          Hex            1%         N/A       75%         3
 Dazzling Flash           Conj/Hex       2%         N/A       75%         3
 Tukima's Dance           Hex            1%         N/A       75%         3
 Ice Form                 Ice/Tmut       8%         N/A       82%         4

Inventory:

Scrolls
 a - a scroll of fear {unknown}
 b - a scroll of holy word {unknown}
 c - a scroll of enchant armour {unknown}
 d - 2 scrolls of teleportation {unknown}
 f - 4 scrolls of identify {unknown}
 g - a scroll of summoning {unknown}
 h - a scroll of enchant weapon {unknown}
 j - a scroll of brand weapon {unknown}
Potions
 e - a potion of magic {unknown}
 i - a potion of resistance {unknown}
 k - a potion of lignification {unknown}
 l - a potion of berserk rage {unknown}

Dungeon Overview and Level Annotations

Branches:
Dungeon (5/15)
 Temple: D:4-7

Altars:
Vehumet

Shops:
D:1 [ D:4

( ▒▒▒
▒.▒▒▒▒▒
▒.....▒
▒▒▒▒▒.▒▒▒.▒
▒.....▒ ▒o▒
▒.▒▒▒▒▒ ▒s▒
▒.▒ ▒.▒▒
▒▒▒▒▒.▒
▒▒..▒
▒.....▒
▒⌠.⌠▒
▒.▒▒▒▒▒
▒.∩.▒ ▒⌠.⌠▒
▒▒.▒▒ ▒.▒
▒.▒


You could see an orc warrior (very poisoned).


Message History

You hear a shout!
You hit the orc wizard but do no damage.
The orc wizard is poisoned.
The orc wizard completely misses you.
You barely miss the orc wizard.
The orc wizard is lightly wounded.
An orc warrior comes into view. It is wielding a +0 battleaxe.
The orc wizard casts a spell at you. The magic dart hits you.
You hit the orc wizard but do no damage.
The orc wizard looks as sick as possible!
The orc wizard is moderately wounded.
The orc wizard gestures wildly while chanting.
The orc wizard flickers and vanishes!
Deactivating autopickup; reactivate with Ctrl-A.
You feel a bit more experienced.
You hit the orc warrior but do no damage.
The orc warrior is poisoned.
The orc warrior hits you with a +0 battleaxe!!
Ouch! That really hurt!
* * * LOW HITPOINT WARNING * * *
The orc warrior looks more healthy.
Your transformation is almost over.
You hear the slow rusting of a very distant drain.
You hit the orc warrior but do no damage.
The orc warrior is poisoned.
The orc warrior is moderately wounded.
The orc warrior hits you with a +0 battleaxe!!
Ouch! That really hurt!
You die...

Action                   |  1- 3 |  4- 6 || total
-------------------------+-------+-------++-------
Melee: Unarmed           |    78 |    64 ||   142
       Constrict         |    15 |     7 ||    22
       Tentacles         |     9 |     4 ||    13
       Punch             |     1 |       ||     1
 Cast: Spider Form       |       |     4 ||     4
 Stab: Sleeping          |    12 |       ||    12
Armor: Skin              |     3 |     6 ||     9
Dodge: Dodged            |    33 |    37 ||    70

Levels and vault maps discovered:
D:1:      dpeg_arrival_snail, layout_loops_ring, serial_shops,
          nicolae_shop_statue_plus
D:2:      layout_basic, serial_rivers, chequers_serial_rivers_room_b,
          chequers_serial_rivers_micro_d, chequers_serial_rivers_micro_c,
          chequers_serial_rivers_micro_a, wander_ebering_terrifying_dragon_lair
D:3:      cheibrodos_old_hovel, layout_loops_ring,
          nicolae_overflow_hidden_temple, lemuel_tele_altar
D:4:      kennysheep_kobold_camp, layout_basic, minmay_temple_entry_junction,
          serial_shops, shop_fountains, cheibrodos_sewer_entry_bend,
          hex_intersection
D:5:      layout_basic

Notes
Turn   | Place    | Note
-------+----------+-------------------------------------------
     0 | D:1      | sanka the Octopode Transmuter began the quest for the Orb.
     0 | D:1      | Reached XP level 1. HP: 13/13 MP: 3/3
   395 | D:1      | Found Komuive's Antique Armour Shoppe.
   834 | D:1      | Reached XP level 2. HP: 18/18 MP: 5/5
   837 | D:1      | Learned a level 2 spell: Wereblood
  1145 | D:1      | Reached skill level 3 in Transmutations
  1530 | D:3      | Reached XP level 3. HP: 20/23 MP: 6/6
  1767 | D:2      | Learned a level 3 spell: Spider Form
  2222 | D:2      | Reached skill level 1 in Poison Magic
  2227 | D:2      | HP: 2/23 [poisoned by an adder]
  2650 | D:2      | Reached skill level 4 in Transmutations
  2650 | D:2      | Reached XP level 4. HP: 13/28 MP: 7/7
  3811 | D:3      | Reached skill level 2 in Poison Magic
  3970 | D:3      | Reached XP level 5. HP: 30/33 MP: 5/8
  4024 | D:3      | Found a radiant altar of Vehumet.
  4367 | D:5      | Entered Level 5 of the Dungeon
  4473 | D:5      | Reached skill level 3 in Poison Magic
  4613 | D:4      | Found Xyasoah's Antique Weapon Boutique.
  4643 | D:4      | Noticed an orc warrior
  4661 | D:4      | Demolished by an orc warrior

Vanquished Creatures
  A centaur skeleton (D:5)
  3 orc wizards
  6 adders
  An ufetubus (D:5)
  A worm (D:3)
  A dart slug (D:2)
  3 orcs (D:3)
  A bat (D:2)
  4 endoplasms
  3 giant cockroaches
  4 quokkas
  3 ball pythons
  2 frilled lizards
  2 goblins (D:1)
  2 kobolds (D:1)
  2 rats
39 creatures vanquished.

Vanquished Creatures (others)
  2 plants (D:3)
2 creatures vanquished.

Grand Total: 41 creatures vanquished
